 Dungeon Crawl Stone Soup version 0.28.0-45-g0d030f2227 (webtiles) character file.

Game seed: 7764283720946235850

880 rageheart7 the Fighter (level 8, -1/93 HPs)
             Began as an Ogre Hunter on Apr 11, 2022.
             Slain by a yak (6 damage)
             ... on level 4 of the Dungeon.
             The game lasted 00:05:19 (3906 turns).

rageheart7 the Fighter (Ogre Hunter)                Turns: 3906, Time: 00:05:20

Health: -1/93      AC:  8    Str: 21    XL:     8   Next: 5%
Magic:  8/8        EV:  9    Int: 12    God:
Gold:   203        SH:  0    Dex:  9    Spells: 7/7 levels left

rFire   . . .      SeeInvis +   f - +0 whip
rCold   + . .      Faith    .   (no shield)
rNeg    . . .      Spirit   .   b - +0 robe
rPois   .          Reflect  .   (helmet restricted)
rElec   .          Harm     .   e - +0 cloak
rCorr   .          Rampage  .   (gloves unavailable)
Will    .....                   (boots unavailable)
Stlth   +.........              (no amulet)
HPRegen 0.25/turn               g - +4 ring of protection
MPRegen 0.11/turn               a - ring of see invisible

@: no status effects
A: large, unfitting armour, tough skin 1, hooves 1, cold resistance 1, strong 1
a: no special abilities


You were on level 4 of the Dungeon.
You visited 1 branch of the dungeon, and saw 4 of its levels.

You collected 203 gold pieces.

Inventory:

Hand Weapons
 f - a +0 whip (weapon)
 m - a +0 quarterstaff
Missiles
 d - a throwing net
 p - 44 stones (quivered)
Armour
 b - a +0 robe (worn)
 e - a +0 cloak (worn)
Jewellery
 a - a ring of see invisible (right hand)
 g - a +4 ring of protection (left hand)
Wands
 o - a wand of paralysis (3)
Potions
 i - a potion of brilliance
 j - 2 potions of attraction
 l - a potion of cancellation


   Skills:
 * Level 9.9 Fighting
 + Level 6.4 Throwing
 - Level 1.7 Dodging
 - Level 0.6 Stealth


You had 7 spell levels left.
You didn't know any spells.
Your spell library contained the following spells:

 Spells                   Type           Power      Damage    Failure   Level
 Static Discharge         Conj/Air       0%         N/A       45%         2
 Portal Projectile        Hex/Tloc       0%         N/A       69%         3
 Blade Hands              Tmut           0%         N/A       100%        5
 Excruciating Wounds      Necr           0%         N/A       100%        5
 Lightning Bolt           Conj/Air       0%         1d11      100%        5
 Maxwell's Capacitive Co  Air            0%         ∞         100%        8


Dungeon Overview and Level Annotations

Branches:
Dungeon (4/15)             Temple (0/1) D:4

Altars:
Nemelex Xobeh


Innate Abilities, Weirdness & Mutations

You are too large for most types of armour.
You have tough skin. (AC +1)
You have large cloven feet.
Your flesh is cold resistant. (rC+)
Your muscles are strong. (Str +2)


Message History

The yak gores you but does no damage.
The helpless yak fails to defend itself.
You hit the yak but do no damage. You kick the yak.
The yak is moderately wounded.
An adder comes into view.
The yak gores you.
The helpless yak fails to defend itself.
You hit the yak but do no damage.
The yak is moderately wounded.
The adder hisses angrily.
The yak gores you!
* * * LOW HITPOINT WARNING * * *
The helpless yak fails to defend itself.
You whack the yak!
The yak is heavily wounded.
The yak gores you.
* * * LOW HITPOINT WARNING * * *
The helpless yak fails to defend itself.
You hit the yak but do no damage.
The yak is heavily wounded.
The yak misses you.
The helpless yak fails to defend itself.
You hit the yak but do no damage.
The yak is heavily wounded.
The yak gores you!
* * * LOW HITPOINT WARNING * * *
The helpless yak fails to defend itself.
You hit the yak but do no damage. You kick the yak.
The yak is severely wounded.
The yak is no longer paralysed.
The yak gores you but does no damage. The yak barely misses you.
You hit the yak.
The yak is almost dead.
The yak gores you!
* * * LOW HITPOINT WARNING * * *
The yak completely misses you.
You hit the yak but do no damage. Your kick misses the yak.
The yak is almost dead.
The yak gores you.
You die...

#..######.#.#***,,,,,,,*,**
****#..# #.#.# **,,,**..,*
,,,,...######.#.### *,*,,,.l,*
*****,............###..,**.#**
**#######..........***.##****
###.####.#.,,,..,,,,, #S#
*,,,,,,.#***** #Y##########.#
#.@Y(((..(..(# ##############


You could see 2 yaks and an adder.

Vanquished Creatures
  3 yaks (D:4)
  2 black bears (D:4)
  A necrophage (D:4)
  2 iguanas (D:4)
  Ijyb (D:3)
  4 adders
  An adder skeleton (D:4)
  A worm (D:2)
  An orc (D:4)
  3 bats
  13 endoplasms
  7 giant cockroaches
  3 goblins
  8 hobgoblins
  A jackal (D:1)
  A quokka (D:3)
  6 ball pythons
  6 kobolds
  5 rats
69 creatures vanquished.

Notes
Turn   | Place    | Note
-------+----------+-------------------------------------------
     0 | D:1      | rageheart7 the Ogre Hunter began the quest for the Orb.
     0 | D:1      | Reached XP level 1. HP: 22/22 MP: 1/1
     3 | D:1      | Found a runed translucent door.
   123 | D:1      | Reached skill level 3 in Fighting
   172 | D:1      | Reached XP level 2. HP: 17/31 MP: 2/2
   886 | D:1      | Reached skill level 4 in Fighting
   894 | D:1      | Reached XP level 3. HP: 38/39 MP: 3/3
  1977 | D:2      | Reached XP level 4. HP: 20/49 MP: 4/4
  2373 | D:3      | Gained mutation: You have large cloven feet. [potion of
                  | mutation]
  2373 | D:3      | Gained mutation: Your flesh is cold resistant. (rC+)
                  | [potion of mutation]
  2373 | D:3      | Gained mutation: Your muscles are strong. (Str +2) [potion
                  | of mutation]
  2613 | D:3      | Reached skill level 5 in Fighting
  2635 | D:3      | Found a sparkling altar of Nemelex Xobeh.
  2771 | D:3      | Found a faded altar of an unknown god.
  2871 | D:3      | Noticed Ijyb
  2873 | D:3      | Killed Ijyb
  3179 | D:4      | Reached XP level 5. HP: 39/59 MP: 5/5
  3351 | D:4      | Noticed a necrophage
  3352 | D:4      | Killed a necrophage
  3353 | D:4      | Reached skill level 6 in Fighting
  3353 | D:4      | Reached skill level 5 in Throwing
  3375 | D:4      | Noticed a black bear
  3377 | D:4      | Killed a black bear
  3378 | D:4      | Reached skill level 7 in Fighting
  3378 | D:4      | Reached XP level 6. HP: 71/71 MP: 6/6
  3379 | D:4      | Found a staircase to the Ecumenical Temple.
  3614 | D:4      | Noticed a black bear
  3637 | D:4      | Killed a black bear
  3738 | D:4      | Reached skill level 8 in Fighting
  3836 | D:4      | Noticed a yak
  3836 | D:4      | Noticed a yak
  3841 | D:4      | Noticed a yak
  3843 | D:4      | Killed a yak
  3843 | D:4      | Noticed a yak
  3844 | D:4      | Reached XP level 7. HP: 68/81 MP: 7/7
  3846 | D:4      | Noticed a yak
  3864 | D:4      | Killed a yak
  3865 | D:4      | Reached skill level 9 in Fighting
  3888 | D:4      | Killed a yak
  3889 | D:4      | Reached XP level 8. HP: 67/93 MP: 8/8
  3906 | D:4      | Slain by a yak

Illustrated notes

Levels and vault maps discovered:
D:1:      dpeg_arrival_caged_fury, layout_basic
D:2:      layout_basic, st_stairs_11, grunt_ministairs_1,
          minmay_misc_feat_encased
D:3:      layout_basic, nicolae_overflow_hidden_temple, basic_ecumenical_altar,
          uniq_ijyb
D:4:      layout_loops_ring, minmay_temple_entry_junction_2

Skill      XL: |  1  2  3  4  5  6  7 |
---------------+----------------------+-----
Fighting       | 3 4 5 7 8 9 |  9.9
Throwing       | 5 6 |  6.4
Dodging        | |  1.7
Stealth        | |  0.6

Action                   |  1- 3 |  4- 6 |  7- 9 || total
-------------------------+-------+-------+-------++-------
Melee: Whip              |   182 |    71 |    34 ||   287
       Punch             |     1 |       |       ||     1
       Kick              |       |    22 |     8 ||    30
Throw: Large rock        |     1 |    13 |     1 ||    15
       Stone             |       |     3 |     7 ||    10
       Throwing net      |       |     2 |     1 ||     3
Evoke: Wand              |       |       |     7 ||     7
  Use: Scroll            |       |     9 |       ||     9
       Potion            |       |     1 |     4 ||     5
 Stab: Sleeping          |     1 |     4 |       ||     5
       Paralysed         |       |       |    16 ||    16
Armor: Robe              |    85 |    37 |    12 ||   134
Dodge: Dodged            |    98 |    47 |    20 ||   165
